 Dungeon Crawl Stone Soup version 0.24.0-123-gd5b16e6ec5 (webtiles) character file.

Game seed: 15023422302840893555, levelgen mode: deterministic

21 Johnny the Digger (level 2, -1/20 HPs)
             Began as a Demigod Earth Elementalist on Feb 10, 2020.
             Slain by a jackal (3 damage)
             ... on level 1 of the Dungeon.
             The game lasted 00:00:51 (1163 turns).

Johnny the Digger (Demigod Earth Elementalist)      Turns: 1163, Time: 00:00:51

Health: -1/20      AC:  2    Str: 16    XL:     2   Next: 48%
Magic:  0/7        EV: 12    Int: 19    God:
Gold:   54         SH:  0    Dex: 16    Spells: 4/5 levels left

rFire    . . .     SeeInvis .   (no weapon)
rCold    . . .     Gourm    .   (no shield)
rNeg     . . .     Faith    .   c - +0 robe
rPois    .         Spirit   .   (no helmet)
rElec    .         Reflect  .   (no cloak)
rCorr    .         Harm     .   (no gloves)
MR       .....                  (no boots)
Stlth    ++........             (no amulet)
HPRegen  0.06/turn              (no ring)
MPRegen  0.10/turn              (no ring)

@: mighty
A: high mp 1
a: no special abilities


You were on level 1 of the Dungeon.
You were very hungry.

You visited 1 branch of the dungeon, and saw 1 of its levels.

You collected 54 gold pieces.

Inventory:

Missiles
 b - 30 stones (quivered)
Armour
 c - a +0 robe (worn)
Scrolls
 e - 2 scrolls of blinking {unknown}
 f - a scroll of teleportation {unknown}
 g - a scroll of enchant armour {unknown}
 h - a scroll of fog {unknown}
Potions
 a - a potion of might
Comestibles
 d - a ration


   Skills:
 - Level 1.7 Dodging
 - Level 1.7 Stealth
 + Level 2.3 Spellcasting
   Level 0.8 Transmutations
 + Level 3.2 Earth Magic


You had 4 spell levels left.
You knew the following spells:

 Your Spells              Type           Power        Failure   Level  Hunger
a - Sandblast             Erth           ##....       4%          1    #......

Your spell library contained the following spells:

 Spells                   Type           Power        Failure   Level  Hunger
 Passwall                 Tmut/Erth      #.......     11%         2    ##.....
 Stone Arrow              Conj/Erth      #.....       26%         3    ###....
 Petrify                  Tmut/Erth      #.......     56%         4    #####..
 Lee's Rapid Deconstruct  Erth           ##........   77%         5    ######.


Dungeon Overview and Level Annotations

Branches:
Dungeon (1/15)


Innate Abilities, Weirdness & Mutations

You have an increased reservoir of magic. (+10% MP)


Message History

The jackal is almost dead.
The jackal bites you.
* * * LOW HITPOINT WARNING * * *
You hit the jackal.
You kill the jackal!
The jackal bites you but does no damage.
Unknown command.
You are feeling very hungry.
It was a potion of might.
You feel very mighty all of a sudden. The jackal bites you.
* * * LOW HITPOINT WARNING * * *
The jackal completely misses you.
Unknown command.
You punch the jackal!
You kill the jackal!
The jackal misses you.
You closely miss the jackal. The jackal barely misses you.
You closely miss the jackal. The jackal bites you.
You die...

#....##.###.###+##
#....#....... #....##..
#.##...# #.#..##..#.##
#....###.##.##...#
#.#.####.#.## ######
..#.##...###+#.####.#...
#..............#P.#.####
######
.#............####.#
.#...# #..........(.#
#.# .'...#
#...#.......## #..
.#...# ### #@####+##
###'## #h# .#...# #†#
.'.⌠.# ... .#...# .....
###### .##.### .# .. #..
.+ #. #.. .# # ...


You could see a jackal.

Vanquished Creatures
  A dart slug (D:1)
  A leopard gecko (D:1)
  2 giant cockroaches (D:1)
  2 goblins (D:1)
  2 hobgoblins (D:1)
  3 jackals (D:1)
  2 kobolds (D:1)
  3 rats (D:1)
16 creatures vanquished.

Notes
Turn   | Place    | Note
-------+----------+-------------------------------------------
     0 | D:1      | Johnny the Demigod Earth Elementalist began the quest for
                  | the Orb.
     0 | D:1      | Reached XP level 1. HP: 14/14 MP: 5/5
   541 | D:1      | Reached skill level 3 in Earth Magic
   807 | D:1      | Reached XP level 2. HP: 6/20 MP: 3/7
   826 | D:1      | HP: 1/20 [hobgoblin (2)]
  1163 | D:1      | Slain by a jackal

Levels and vault maps discovered:
D:1:      co_arrival_random_square_maze, layout_basic, serial_aquarium,
          aquarium_bridge_square [aquarium_subvault_wall,
          aquarium_subvault_wall, aquarium_subvault_window,
          aquarium_subvault_bridge], aquarium_window_fake, aquarium_window_1,
          aquarium_view_2d, aquarium_view_2b, aquarium_pool_1,
          hangedman_decor_push

Skill      XL: |  1 |
---------------+----+-----
Spellcasting   | 2 |  2.3
Earth Magic    | 3 |  3.2
Dodging        | |  1.7
Stealth        | |  1.7
Transmutations | |  0.8

Action                   || total
-------------------------++-------
Melee: Unarmed           ||    65
 Cast: Sandblast         ||    26
  Use: Potion            ||     1
 Stab: Sleeping          ||     2
Armor: Robe              ||    13
Dodge: Dodged            ||    58
